 Dungeon Crawl Stone Soup version 0.31.0-11-ge490571c62 (webtiles) character file.

Game seed: 13283605847203685758

399 browni3141 the Grave Robber (level 6, -10/70 HPs)
             Began as a Barachi Monk on Feb 1, 2024.
             Mangled by an orc warrior
             ... wielding a +0 halberd
              (14 damage)
             ... on level 6 of the Dungeon.
             The game lasted 00:04:43 (638 turns).

browni3141 the Grave Robber (Barachi Monk)           Turns: 638, Time: 00:04:43

Health: -10/70     AC: 31    Str: 12    XL:     6   Next: 84%
Magic:  10/10      EV:  2    Int: 15    God:
Gold:   144        SH:  0    Dex: 14    Spells: 11/11 levels left

rFire   . . .        k - +6 war axe "Abojef" {flame, Int+2}
rCold   . . .        d - orb {light}
rNeg    . . .        g - melded +0 ring mail
rPois   +            (helmet currently unavailable)
rElec   .            (cloak currently unavailable)
rCorr   .            e - melded +0 pair of gloves
SInv    .            (boots currently unavailable)
Will    .....        (no amulet)
Stlth   +            l - +4 ring of protection
HPRegen 0.31/turn    m - +4 ring of protection
MPRegen 0.12/turn

%: no passive effects
@: on fire, tree-form, unable to hop, glowing
A: stationary, stasis, torment immunity, boosted hp, (amphibious), (slowness 1),
(strong legs 1), +LOS
a: no special abilities


You were on level 6 of the Dungeon.
You were a tree.
You visited 1 branch of the dungeon, and saw 7 of its levels.

You collected 144 gold pieces.

Inventory:

Hand Weapons
 a - a +0 falchion
 k - the +6 war axe "Abojef" (weapon) {flame, Int+2}
   (You found it on level 4 of the Dungeon)

   Int+2:     It affects your intelligence (+2).
Armour
 b - a +0 robe
 d - an orb of light (worn)
 e - a +0 pair of gloves (melded)
 g - a +0 ring mail (melded)
Jewellery
 l - a +4 ring of protection (left branch)
 m - a +4 ring of protection (right branch)
Scrolls
 h - a scroll of poison {unknown}
 j - 2 scrolls of teleportation {unknown}
 n - a scroll of silence {unknown}
 o - a scroll of identify {unknown}
 p - a scroll of noise {unknown}
 q - a scroll of fog {unknown}
Potions
 f - 2 potions of lignification


   Skills:
 - Level 3.6 Fighting
 - Level 3.6 Long Blades
 - Level 3.0 Axes
 * Level 2.5 Armour
 - Level 3.2 Dodging
 - Level 3.0 Spellcasting
 * Level 3.9 Necromancy


You had 11 spell levels left.
You didn't know any spells.
Your spell library was empty.

Dungeon Overview and Level Annotations

Branches:
Dungeon (7/15)
 Temple: D:4-7

Altars:
Ashenzari
Dithmenos
Wu Jian
Xom
Zin

Annotations:
D:6 Menkaure


Innate Abilities, Weirdness & Mutations

You are a tree.
Your roots penetrate the ground, keeping you stationary.
You cannot be teleported.
You are immune to unholy pain and torment.
Your maximum health is greatly increased.
Your equipment is partially melded.
((You are amphibious.))
((You cover ground slowly.))
((You can hop short distances.))
You have an extended range of vision and can be seen from far away.


Message History

You cannot move. (Use ctrl+direction or * direction to attack while stationary and confused.)
You barely miss the black bear.
The black bear is lightly wounded.
You slash the adder! You burn the adder.
You kill the adder!
You hit the hound. You burn the hound. The liquid fire burns you!
The hound bites you but does no damage.
The black bear bites you but does no damage.
The black bear claws you but does no damage.
The black bear barely misses you.
A hound comes into view.
The hound bites you but does no damage.
The ufetubus hits you but does no damage. x2
The black bear completely misses you.
The black bear claws you but does no damage.
The black bear barely misses you.
The hound moves out of view.
Unknown command.
Unknown command.
You cannot move. (Use ctrl+direction or * direction to attack while stationary and confused.) Unknown command.
You cannot move. (Use ctrl+direction or * direction to attack while stationary and confused.)
You slash the black bear! You burn the black bear.
The black bear is heavily wounded.
You hit the hound. You burn the hound. You hit the ufetubus.
You burn the ufetubus. The liquid fire burns you!
You feel less invigorated.
You feel less confused.
The ufetubus hits you but does no damage. x2
The hound bites you but does no damage. x2
The ufetubus hits you but does no damage. x2
The black bear bites you but does no damage.
The black bear claws you.
The black bear claws you but does no damage.
You hit the black bear. You burn the black bear.
The black bear is severely wounded.
You hit the hound but do no damage. You hit the ufetubus.
You burn the ufetubus.
You kill the ufetubus!
The liquid fire burns you!
The hound bites you but does no damage. x2
An orc wizard comes into view. It is wielding a +0 dagger.
The black bear bites you.
The black bear claws you but does no damage. x2
The hound bites you but does no damage.
Unknown command.
Okay, then.
It was a potion of heal wounds.
You feel much better. The liquid fire burns you!
The hound barks!
The orc wizard shouts!
You hear a howl!
The hound bites you but does no damage. x2
The black bear bites you but does no damage.
The black bear claws you but does no damage. x2
The hound bites you but does no damage. The hound bites you.
You barely miss the black bear.
The black bear is severely wounded.
You barely miss the hound. You closely miss the hound.
The liquid fire burns you! The hound bites you.
An orc comes into view. It is wielding a +0 short sword.
The black bear bites you but does no damage.
The black bear completely misses you.
The black bear claws you but does no damage.
The hound bites you but does no damage. The hound bites you.
A howler monkey comes into view.
The hound barely misses you.
The black bear bites you but does no damage.
The black bear claws you but does no damage. x2
You barely miss the black bear.
The black bear is severely wounded.
You hit the hound but do no damage. You slash the hound! You burn the hound.
The liquid fire burns you!
The hound bites you but does no damage. x2
The black bear bites you but does no damage.
The black bear claws you but does no damage. x2
The hound bites you but does no damage. x2
You hit the black bear. You burn the black bear.
The black bear is almost dead.
You hit the hound. You burn the hound. You slash the hound! You burn the hound.
You kill the hound!
The liquid fire burns you! The hound bites you.
Menkaure, Prince of Dust comes into view.
The black bear goes berserk!
The hound bites you but does no damage.
The orc warrior hits you but does no damage.
You barely miss the black bear.
The black bear is almost dead.
Menkaure shouts!
You hit the hound. You burn the hound.
You kill the hound!
The liquid fire burns you! The black bear completely misses you.
The black bear claws you but does no damage.
The black bear claws you.
An orc comes into view. It is wielding a +0 whip.
The black bear bites you but does no damage.
The black bear claws you but does no damage. x2
The orc warrior hits you from afar with a +0 halberd!
You die...

...## ..##. ...
..... ## .. ...
#....# .. ..# ....#
#.## ..# [...#
#...##..# # ...#
.......# o.. . ###.
....#....[
#.#...##.†o....#
.......#♣# #
...h..o5h# ...
........z### .....
...........##......
.##.......>........
#................
#........#.......
..........##.......
...M.....## ......


You could see an orc warrior, a black bear (berserk), Menkaure, a hound, a
wight, an orc wizard, an ufetubus and an orc (wandering).

Vanquished Creatures
  A water moccasin (D:4)
  A scorpion (D:4)
  2 bombardier beetles
  3 hounds (D:6)
  2 jellies
  2 adders
  An ufetubus (D:6)
  A dart slug (D:2)
  3 orcs
  2 ball pythons
  4 endoplasms
  2 hobgoblins
  2 jackals (D:1)
  2 quokkas
  A bat (D:2)
  A frilled lizard (D:1)
  2 goblins (D:1)
  A kobold (D:2)
33 creatures vanquished.

Vanquished Creatures (others)
  An adder (D:6)
1 creature vanquished.

Grand Total: 34 creatures vanquished

Notes
Turn   | Place    | Note
-------+----------+-------------------------------------------
     0 | D:1      | browni3141 the Barachi Monk began the quest for the Orb.
     0 | D:1      | Reached XP level 1. HP: 18/18 MP: 1/1
    51 | D:1      | Reached skill level 1 in Spellcasting
    51 | D:1      | Reached XP level 2. HP: 21/24 MP: 1/3
   100 | D:2      | Reached skill level 1 in Necromancy
   123 | D:2      | Found a shimmering altar of Xom.
   196 | D:2      | Found a faded altar of an unknown god.
   205 | D:2      | Reached XP level 3. HP: 21/29 MP: 5/5
   250 | D:3      | Reached XP level 4. HP: 21/36 MP: 5/7
   267 | D:4      | Found a glowing silver altar of Zin.
   267 | D:4      | Found an ornate altar of the Wu Jian Council.
   267 | D:4      | Found a shadowy altar of Dithmenos.
   273 | D:4      | Identified the +6 war axe "Abojef" {flame, Int+2}
   456 | D:4      | Noticed a water moccasin
   465 | D:4      | Killed a water moccasin
   466 | D:4      | Reached XP level 5. HP: 41/41 MP: 7/9
   471 | D:4      | Reached XP level 6. HP: 47/47 MP: 7/10
   587 | D:5      | Entered Level 5 of the Dungeon
   591 | D:5      | Reached skill level 1 in Armour
   594 | D:6      | Found a broken altar of Ashenzari.
   621 | D:6      | Noticed a black bear
   629 | D:6      | Noticed an orc warrior
   637 | D:6      | Noticed Menkaure
   638 | D:6      | Mangled by an orc warrior

Illustrated notes

Levels and vault maps discovered:
D:1:      amcnicky_arrival_single_pillar, layout_loops_ring
D:2:      layout_rooms, basic_altar, shapermc_ecumenical_altar_starsandcircs
D:3:      layout_basic, nicolae_ru_great_annihilating_truth,
          chequers_temple_overflow_statue_of_worship, serial_shops,
          nicolae_shop_overgrown_old_shop, uniq_robin
D:4:      layout_rooms, gammafunk_temple_overflow_claw, minmay_misc_feat_chi,
          kennysheep_windowed_goal
D:5:      layout_cave_pools, general_overflow_altar,
          minmay_temple_entry_glassed_door, serial_shops, shop,
          minmay_misc_feat_room, kennysheep_donut, minmay_puff
D:6:      layout_cave_pools, tgw_trog, xom_confusion_cloud,
          mainiacjoe_overflow_catwalk, minmay_misc_feat_tiny, uniq_menkaure
D:7:      layout_rooms, serial_shops, nicolae_shop_trees

Skill      XL: |  1  2  3  4  5  6 |
---------------+-------------------+-----
Spellcasting   | 1 2 3 |  3.0
Necromancy     | 1 2 3 |  3.9
Axes           | 2 3 |  3.0
Armour         | 2 |  2.5
Fighting       | |  3.6
Long Blades    | |  3.6
Dodging        | |  3.2

Action                     |  1- 3 |  4- 6 || total
---------------------------+-------+-------++-------
  Melee: Falchion          |    51 |     6 ||    57
         War axe           |       |    34 ||    34
Ability: Hop               |     2 |     2 ||     4
    Use: Potion            |       |     3 ||     3
 Armour: Robe              |    12 |       ||    12
         Ring mail         |    27 |    21 ||    48
         Skin              |       |    61 ||    61
  Dodge: Dodged            |    46 |    33 ||    79
